 Dungeon Crawl Stone Soup version 0.18.1-48-g4cf74bf (webtiles) character file.

226 dearth the Chopper (level 6, 0/56 HPs)
             Began as a Hill Orc Fighter on Aug 5, 2016.
             Slain by a gnoll
             ... wielding a +0 spear
              (2 damage)
             ... on level 4 of the Dungeon.
             The game lasted 00:06:02 (2600 turns).

dearth the Chopper (Hill Orc Fighter)               Turns: 2600, Time: 00:06:02

Health: 0/56       AC: 10    Str: 21    XL:     6   Next: 1%
Magic:  6/6        EV:  7    Int:  8    God:
Gold:   175        SH:  9    Dex: 12    Spells: 0 memorised, 5 levels left

rFire  . . .     SeeInvis .     a - +0 war axe
rCold  . . .     Gourm    .     b - +0 scale mail
rNeg   . . .     Faith    .     c - +0 shield
rPois  .         Spirit   .     (no helmet)
rElec  .         Dismiss  .     (no cloak)
rCorr  .         Reflect  .     (no gloves)
SustAt .         Harm     .     n - +2 pair of boots
MR     .....                    (no amulet)
Stlth  ..........               i - -4 ring of slaying (curse)
                                k - +2 ring of dexterity

@: not resistant to hostile enchantments, extremely unstealthy
A: no striking features
a: no special abilities


You were on level 4 of the Dungeon.
You were not hungry.

You visited 1 branch of the dungeon, and saw 4 of its levels.

You collected 175 gold pieces.

Inventory:

Hand Weapons
 a - a +0 war axe (weapon)
Armour
 b - a +0 scale mail (worn)
 c - a +0 shield (worn)
 n - a +2 pair of boots (worn)
Jewellery
 i - a cursed -4 ring of slaying (right hand)
 k - a +2 ring of dexterity (left hand)
Scrolls
 j - 2 scrolls of recharging
 m - a scroll of fog
 q - a scroll of enchant armour {unknown}
 t - a scroll of noise {unknown}
 u - a scroll of fear {unknown}
Potions
 d - 2 potions of might
 e - a potion of mutation {unknown}
 g - 2 potions of curing {unknown}
 h - a potion of flight {unknown}
 l - a potion of agility {unknown}
 r - 2 potions of heal wounds {unknown}
 s - a potion of ambrosia {unknown}
Comestibles
 f - 4 bread rations
 p - a meat ration


   Skills:
 + Level 5.0 Fighting
 * Level 5.0 Axes
 + Level 4.4 Armour
 + Level 4.1 Shields


You had 5 spell levels left.
You didn't know any spells.

Dungeon Overview and Level Annotations

Branches:
Dungeon (4/15)
 Temple: D:4-7

Altars:
Qazlal


Message History

Unknown command.
You slash the gnoll!
You kill the gnoll!
You have reached level 6!
Your experience leads to an increase in your attributes!
Your base attributes are Str 20, Int 8, Dex 10.
Increase (S)trength, (I)ntelligence, or (D)exterity?
You feel stronger.
You barely miss the gnoll. The gnoll barely misses you.
The gnoll hits you but does no damage.
You closely miss the gnoll. You block the gnoll's attack.
You closely miss the gnoll. You block the gnoll's attack.
You hit the gnoll.
The gnoll is heavily wounded.
The gnoll hits you with a spear.
* * * LOW HITPOINT WARNING * * *
You barely miss the gnoll.
The gnoll is heavily wounded.
The gnoll hits you with a spear.
You die...

#.g...#
#####.....#
..........#
.........###
######....###
##..#....## #
##..####...###
# ##..##
###.†g### ##
#..## ###@..#
.###.##
###.......
.##..# ##.....
....## #..>
...## .. ..##
. ... ...#
...#


You could see a gnoll.

Vanquished Creatures
  Terence (D:2)
  Ijyb (D:2)
  An orc wizard (D:4)
  A worker ant (D:4)
  3 adders
  2 gnolls (D:4)
  An ooze (D:2)
  A worm (D:3)
  2 dart slugs (D:2)
  5 giant geckos
  7 orcs
  6 bats
  8 goblins
  8 hobgoblins
  2 quokkas (D:3)
  A giant cockroach (D:1)
  2 giant newts
  9 kobolds
  A rat (D:1)
62 creatures vanquished.

Notes
Turn   | Place    | Note
--------------------------------------------------------------
     0 | D:1      | dearth the Hill Orc Fighter began the quest for the Orb.
     0 | D:1      | Reached XP level 1. HP: 19/19 MP: 1/1
    57 | D:1      | Reached XP level 2. HP: 25/27 MP: 2/2
   571 | D:2      | Reached XP level 3. HP: 28/33 MP: 3/3
   841 | D:2      | Noticed Terence
   845 | D:2      | Killed Terence
   845 | D:2      | Reached XP level 4. HP: 41/41 MP: 4/4
  1005 | D:2      | Noticed Ijyb
  1020 | D:2      | Killed Ijyb
  1465 | D:2      | Reached XP level 5. HP: 47/47 MP: 5/5
  2266 | D:4      | Noticed an air elemental
  2267 | D:4      | Found a stormy altar of Qazlal.
  2271 | D:4      | Noticed a fire elemental
  2271 | D:4      | Noticed a water elemental
  2360 | D:4      | Reached skill level 5 in Fighting
  2360 | D:4      | Reached skill level 5 in Axes
  2596 | D:4      | Reached XP level 6. HP: 4/56 MP: 6/6
  2599 | D:4      | HP: 2/56 [gnoll/spear (3)]
  2600 | D:4      | Slain by a gnoll

Skill      XL: |  1  2  3  4  5 |
---------------+----------------+-----
Fighting       | 4 5 |  5.0
Axes           | 3 4 5 |  5.0
Armour         | 4 |  4.4
Shields        | 4 |  4.1

Action                   |  1- 3 |  4- 6 || total
-------------------------+-------+-------++-------
Melee: War axe           |    86 |   189 ||   275
  Use: Scroll            |       |     5 ||     5
  Eat: Chunk             |       |     4 ||     4
       Royal jelly       |       |     1 ||     1
Armor: Scale mail        |    43 |    86 ||   129
Dodge: Dodged            |    25 |    47 ||    72
Block: Shield            |    34 |    91 ||   125
